Cogmind - Beta 10.2 @@@ ROGUE MODE // 2021.03.15 @ 21:33:29 Player: BOTHUNTER Result: Destroyed by Y-54 Guardian with Gatling Laser Performance ------------- Evolutions (3) 1500 Regions Visited (9) 1800 Robots Destroyed (87) 435 Value Destroyed (2130) 2130 Prototype IDs (3) 60 Alien Tech Used (0) 0 Bonus (1809) 1809 TOTAL SCORE: 7734 Bonus ------- High Alert Combat Kills 111 Follower Combat Kills 93 Entered Garrisons 400 Used RIF Installer 1000 Aligned with FarCom 300 Friendly Fire -95 Cogmind --------- Core Integrity 0/700 Matter 267/300 Energy 79/100 System Corruption 1% Temperature Cool (15) Movement Flying (40) Location -7/Garrison Parts ------- > --- POWER (1) -------- (None) > --- PROPULSION (2) --- VTOL Module > --- UTILITY (8) ------ Core Analyzer Force Booster Hacking Suite > --- WEAPON (2) ------- (None) > --- INVENTORY (4) ---- Precision Assault Rifle Advanced Assault Cannon Improved Grenade Launcher Remote Datajack Peak State ------------ > --- POWER ------------ Light Nuclear Core > --- PROPULSION ------- VTOL Module Xenon Bombardment Thruster > --- UTILITY ---------- Small Storage Unit Enhanced Optical Array Core Analyzer Hacking Suite Hacking Suite Hacking Suite Hacking Suite > --- WEAPON ----------- AWS/Gauss > --- INVENTORY -------- Cesium-ion Thruster Precision Assault Rifle Improved Grenade Launcher Improved Datajack [Rating: 47] Favorites ----------- Power Light Ion Engine Engine Light Ion Engine Power Core Light Nuclear Core Propulsion Flight Unit Flight Unit Flight Unit Utility Hacking Suite Device Weight Redist. System Storage Small Storage Unit Processor Improved Targeting Computer Hackware Hacking Suite Weapon Makeshift Hammer Energy Gun Particle Gun Energy Cannon Heavy Particle Cannon Ballistic Gun Minigun Launcher Rocket Launcher Special Weapon Remote Datajack Impact Weapon Makeshift Hammer Slashing Weapon Scythe Special Melee Weapon Improved Datajack Build | -11 -10 -10 -10 -9 -8 -8 -8 -7 -7 ------- Run | Scr Mat Min Exi Min Mat Gar Mat Fac Gar Slots Evolved 6 | . . . . . 4 . . 2 . Power . | . . . . . . . . . . Propulsion . | . . . . . . . . . . Utility 6 | . . . . . 4 . . 2 . Weapon . | . . . . . . . . . . Parts Attached 101 | 3 9 3 4 3 14 20 15 29 1 Power 7 | . 2 . . . 1 1 1 2 . Engine 4 | . 2 . . . 1 . 1 . . Core 3 | . . . . . . 1 . 2 . Reactor . | . . . . . . . . . . Propulsion 20 | . 2 1 . 2 4 2 2 6 1 Treads . | . . . . . . . . . . Leg . | . . . . . . . . . . Wheel . | . . . . . . . . . . Hover . | . . . . . . . . . . Flight 20 | . 2 1 . 2 4 2 2 6 1 Utility 34 | 2 3 . . . 7 6 5 11 . Device 9 | 1 1 . . . 1 4 1 1 . Storage 5 | . 1 . . . . . 2 2 . Processor 14 | 1 1 . . . 6 1 . 5 . Hackware 6 | . . . . . . 1 2 3 . Protection . | . . . . . . . . . . Artifact . | . . . . . . . . . . Weapon 40 | 1 2 2 4 1 2 11 7 10 . Energy Gun 4 | . . . . . . 4 . . . Energy Cannon 4 | . . . 1 . . 3 . . . Ballistic Gun 15 | 1 1 . 2 . 1 3 2 5 . Ballistic Cannon . | . . . . . . . . . . Launcher 8 | . 1 2 1 1 . . 2 1 . Special Weapon 1 | . . . . . . . . 1 . Impact Weapon 2 | . . . . . 1 1 . . . Slashing Weapon 4 | . . . . . . . 2 2 . Piercing Weapon . | . . . . . . . . . . Special Melee Weapon 2 | . . . . . . . 1 1 . Unidentified Prototypes 3 | . . . 2 . . . . 1 . Parts Lost 34 | . 2 . . . 3 12 1 8 8 Power 3 | . . . . . . 2 . 1 . Propulsion 9 | . 1 . . . 3 . . 3 2 Utility 14 | . 1 . . . . 6 . 2 5 Weapon 8 | . . . . . . 4 1 2 1 Highest Loss Streak 8 | . 1 . . . 1 7 1 2 8 Average Slot Usage (%) 81 | . 51 87 97 100 89 63 75 86 75 Engine 3 | . 2 14 14 14 9 2 . . . Flight 13 | . 5 21 28 28 14 4 13 14 11 Device 7 | . 14 14 14 14 9 5 11 2 7 Storage 8 | . 3 14 14 14 9 6 9 8 5 Processor 18 | . 10 . . . 29 28 16 15 13 Hackware 14 | . . . . . . 1 16 32 27 Ballistic Gun 6 | . 15 14 12 14 3 10 . 5 . Launcher 2 | . . 8 12 14 5 . . . . Impact Weapon 1 | . . . . . 8 . . . . Slashing Weapon 1 | . . . . . . . 3 2 6 Naked Turns . | . . . . . . . . . . Heaviest Build 25 | 3 10 11 11 12 14 25 13 19 10 Greatest Support 17 | 3 10 14 14 14 17 15 10 13 12 Greatest Overweight (x) 8 | . 1 . . . 1 8 2 2 . Average Overweight (x) . | . . . . . . . . . . Largest Inventory Capacity 6 | 4 6 6 6 6 6 6 6 6 6 Average Capacity 5 | 4 4 6 6 6 6 5 4 6 5 Most Carried 6 | 3 4 4 5 6 6 6 5 6 6 Average Carried 4 | 2 2 3 4 5 5 4 3 5 5 Final Capacity 6 | 4 6 6 6 6 6 4 6 6 4 Final Carried 6 | 2 4 3 5 6 6 4 5 6 4 Class Distribution -------------------- 41% | Hacker-Mutant 39% | Mutant 10% | Scavenger-Scout 8% | Scavenger-Mutant Dominant Class ---------------- Mutant | -10/Materials Scavenger-Mutant | -10/Mines Scavenger-Mutant | -10/Exiles Scavenger-Mutant | -9/Mines Scavenger-Scout | -8/Materials Mutant | -8/Garrison Hacker-Mutant | -8/Materials Hacker-Mutant | -7/Factory Hacker-Mutant | -7/Garrison Resources | -11 -10 -10 -10 -9 -8 -8 -8 -7 -7 ----------- Run | Scr Mat Min Exi Min Mat Gar Mat Fac Gar Matter Collected 2009 | 365 165 38 . 190 276 270 70 635 . Remotely . | . . . . . . . . . . Salvage Created 2650 | 303 352 14 . 11 561 585 128 696 . Parts 151 | 25 25 1 . 2 22 23 17 36 . Haulers Intercepted 4 | . 2 . . . 1 . . 1 . Recyclers Shooed 2 | 1 . . . . . . . 1 . Parts Field Recycled . | . . . . . . . . . . Retrieved Matter . | . . . . . . . . . . Parts Self-Destructed . | . . . . . . . . . . Prevented . | . . . . . . . . . . Kills | -11 -10 -10 -10 -9 -8 -8 -8 -7 -7 ------- Run | Scr Mat Min Exi Min Mat Gar Mat Fac Gar Combat Hostiles Destroyed 53 | . 8 3 . 1 14 11 4 12 . Melee 4 | . . . . . 2 2 . . . Guns 25 | . 5 . . . . 8 2 10 . Cannons 1 | . . . . . . 1 . . . AOE 20 | . 3 3 . 1 9 . 2 2 . Classes Destroyed 12 | 2 4 . . . 4 . . 2 . Worker 8 | . 1 . . . 5 . 1 1 . Tunneler 12 | 9 . . . . 1 . 1 1 . Hauler 4 | . 2 . . . 1 . . 1 . Recycler 1 | 1 . . . . . . . . . Operator 4 | . . . . . 2 . 1 1 . Watcher 5 | . . . . . 3 . . 2 . Swarmer 20 | . 3 3 . 1 6 . 3 4 . Grunt 24 | . 5 . . . 5 8 . 6 . Brawler 1 | . . . . . 1 . . . . Sentry 6 | . . . . . 2 3 1 . . Hunter 1 | . . . . . . . . 1 . Programmer 1 | . . . . . . . . 1 . Best Kill Streak 7 | 4 5 3 . 1 7 3 3 7 . Combat Bots Only 7 | . 3 3 . 1 4 3 3 7 . Max Kills in Single Turn 4 | 1 4 2 . 1 3 1 2 1 . Gunslinging . | . . . . . . . . . . Exploded 3 | . 3 2 . 1 2 . 2 1 . Melee 1 | . . . . . 1 1 . . . Uniques/NPCs Destroyed . | . . . . . . . . . . Combat | -11 -10 -10 -10 -9 -8 -8 -8 -7 -7 -------- Run | Scr Mat Min Exi Min Mat Gar Mat Fac Gar Damage Taken 3738 | . 422 27 . 7 364 1175 36 788 919 Core 1468 | . 206 10 . . 57 490 . 168 537 Absorbed by Shields 18 | . . . . . . 18 . . . Core Remaining (%) 37 | 100 . . . 13 . . . . . Volleys Fired 204 | 45 58 2 . 1 18 26 2 52 . Largest 2 | 1 2 2 . 2 1 2 1 2 . Hottest 75 | 20 50 50 . 50 33 75 36 46 . Shots Fired 302 | 45 71 4 . 2 18 57 6 99 . Gun 278 | 45 70 2 . 1 6 53 4 97 . Cannon 4 | . . . . . . 4 . . . Launcher 20 | . 1 2 . 1 12 . 2 2 . Special . | . . . . . . . . . . Kinetic 272 | 45 70 2 . 1 6 47 4 97 . Thermal 10 | . . . . . . 10 . . . Explosive 20 | . 1 2 . 1 12 . 2 2 . Electromagnetic . | . . . . . . . . . . Robot Hit Streak 22 | 6 8 4 . 5 4 22 7 11 . Robot Miss Streak 8 | 2 6 . . 1 1 2 . 8 . Penetration Max . | . . . . . . . . . . Secondary Targets 2 | . 1 . . . . 1 . . . Max Gunslinging Chain 1 | . 1 . . . . 1 . . . Autonomous 46 | . . . . . . 19 4 23 . Shots Hit Robots 246 | 29 39 1 . 1 31 63 9 62 11 Core Hits 126 | 11 22 3 . 1 26 20 7 36 . Critical Hits 2 | 1 . . . . . . . 1 . Critical Kills . | . . . . . . . . . . Critical Parts Destroyed 1 | 1 . . . . . . . . . Melee Attacks 112 | . . . . . 51 18 11 15 17 Impact 69 | . . . . . 51 18 . . . Slashing 40 | . . . . . . . 10 13 17 Piercing . | . . . . . . . . . . Sneak Attacks 12 | . . . . . 5 . 3 4 . Combat Hostiles . | . . . . . . . . . . Follow-up Attacks . | . . . . . . . . . . Damage Inflicted 7504 | 416 648 160 . 79 2011 1471 613 1650 456 Guns 3353 | 416 479 . . . 83 1016 143 1216 . Cannons 100 | . . . . . . 100 . . . Explosions 1757 | . 169 160 . 79 879 . 244 226 . Melee 2290 | . . . . . 1048 352 226 208 456 Ramming 4 | . . . . . 1 3 . . . Kinetic 3248 | 416 479 . . . 83 911 143 1216 . Thermal 205 | . . . . . . 205 . . . Explosive 1687 | . 169 160 . 79 879 . 244 156 . Electromagnetic 70 | . . . . . . . . 70 . Impact 1400 | . . . . . 1048 352 . . . Slashing 890 | . . . . . . . 226 208 456 Piercing . | . . . . . . . . . . Highest Corruption 2 | . . . . . 2 2 2 1 1 Average Corruption 1 | . . . . . 1 2 2 1 1 Corruption Purged . | . . . . . . . . . . Effects 27 | . . . . . 3 8 7 8 1 Message Errors 12 | . . . . . 1 5 2 3 1 Heat Flow Errors 1 | . . . . . . . 1 . . Energy Discharges 5 | . . . . . . 1 2 2 . Data Loss (minor) 7 | . . . . . 1 1 2 3 . Targeting Errors 2 | . . . . . 1 1 . . . Overload Shots . | . . . . . . . . . . Overflow Damage 608 | . . . . . 407 . 171 15 15 Projectiles . | . . . . . . . . . . Explosions 92 | . . . . . 12 . 65 15 . Melee 516 | . . . . . 395 . 106 . 15 Knockbacks 8 | . . . . . 8 . . . . Impact 7 | . . . . . 7 . . . . Kinetic . | . . . . . . . . . . Secondary 1 | . . . . . 1 . . . . Self-Inflicted Damage 25 | . 24 . . . . 1 . . . Shots 1 | . 1 . . . . . . . . Rammed 3 | . . . . . 1 2 . . . Targets Rammed 3 | . . . . . 1 2 . . . Kicked . | . . . . . . . . . . Crushed . | . . . . . . . . . . Highest Temperature 97 | . 10 12 . 16 1 66 97 3 7 Average Temperature 18 | . 2 9 . 12 1 22 72 2 6 Received Heat Transfer 1242 | . 201 . . . 90 606 . 99 246 Siege Activations . | . . . . . . . . . . Robots Corrupted . | . . . . . . . . . . Combat Hostiles . | . . . . . . . . . . Parts Fried 13 | . . . . . 13 . . . . Impact Corruptions 19 | . . . . . 19 . . . . Robots Melted . | . . . . . . . . . . Combat Hostiles . | . . . . . . . . . . Parts Melted . | . . . . . . . . . . Heat Transferred 370 | . . . . . . 370 . . . Parts Sabotaged . | . . . . . . . . . . Parts Stolen . | . . . . . . . . . . Parts Stripped . | . . . . . . . . . . Power Chain Reactions . | . . . . . . . . . . Missiles Intercepted . | . . . . . . . . . . Alert | -11 -10 -10 -10 -9 -8 -8 -8 -7 -7 ------- Run | Scr Mat Min Exi Min Mat Gar Mat Fac Gar Peak Influence 772 | 50 415 246 . 126 573 482 395 772 557 Initial 540 | . . 161 . . 48 372 234 112 540 Average 224 | 27 177 213 . 113 260 416 237 183 535 Maximum Alert Level 3 | . 2 1 . . 2 2 1 3 2 Low Security (%) 46 | 100 47 39 . 100 46 . 2 61 . Level 1 36 | . 47 60 . . 19 38 97 35 . Level 2 16 | . 4 . . . 33 61 . . 100 Level 3 1 | . . . . . . . . 3 . Level 4 . | . . . . . . . . . . Level 5 . | . . . . . . . . . . High Security . | . . . . . . . . . . Max Security . | . . . . . . . . . . Squads Dispatched 17 | . 4 . . . 5 . . 8 . Investigation 9 | . 4 . . . 2 . . 3 . Extermination 2 | . . . . . . . . 2 . Reinforcement 5 | . . . . . 3 . . 2 . Assault . | . . . . . . . . . . Garrison 1 | . . . . . . . . 1 . Intercept . | . . . . . . . . . . Construction Impeded 1 | . . . . . . . . 1 . Haulers Reinforced 1 | . . . . . . . . 1 . Stealth | -11 -10 -10 -10 -9 -8 -8 -8 -7 -7 --------- Run | Scr Mat Min Exi Min Mat Gar Mat Fac Gar Distress Signals 5 | . 1 . . . 3 . . 1 . Communications Jammed . | . . . . . . . . . . Distress Signals . | . . . . . . . . . . Times Spotted 127 | . 18 3 . 4 44 12 7 35 4 Peak Tracking Total 7 | . 4 3 . 3 7 4 3 6 4 Tactical Retreats 19 | . 2 . . 1 6 . . 10 . Traps | -11 -10 -10 -10 -9 -8 -8 -8 -7 -7 ------- Run | Scr Mat Min Exi Min Mat Gar Mat Fac Gar Traps Triggered 7 | . . . . . . 2 . 4 1 Indirectly . | . . . . . . . . . . Trap Hack Attempts . | . . . . . . . . . . Triggered . | . . . . . . . . . . Disarmed 6 | . . . . . . . . 6 . Reprogrammed . | . . . . . . . . . . Reused . | . . . . . . . . . . Traps Extracted . | . . . . . . . . . . Installed . | . . . . . . . . . . Triggered . | . . . . . . . . . . Machines | -11 -10 -10 -10 -9 -8 -8 -8 -7 -7 ---------- Run | Scr Mat Min Exi Min Mat Gar Mat Fac Gar Machines Disabled 2 | . . . . . . . . 2 . Max in Single Turn 1 | . . . . . . . . 1 . Garrison Access 1 | . . . . . . . . 1 . Machines Sabotaged 1 | . 1 . . . . . . . . Garrisons Compromised . | . . . . . . . . . . Overloaded Fab Kills . | . . . . . . . . . . Fab Network Shutdowns 1 | . . . . . . . . 1 . Hacking | -11 -10 -10 -10 -9 -8 -8 -8 -7 -7 --------- Run | Scr Mat Min Exi Min Mat Gar Mat Fac Gar Machines Accessed 43 | . 6 . . . 9 . 6 22 . Terminals 27 | . 5 . . . 6 . 4 12 . Fabricators 3 | . . . . . . . . 3 . Repair Stations 3 | . . . . . 1 . 1 1 . Recycling Units 3 | . 1 . . . . . . 2 . Scanalyzers 4 | . . . . . 1 . 1 2 . Garrison Access 3 | . . . . . 1 . . 2 . Total Hacks 139 | . 24 . . . 29 . 22 64 . Successful 94 | . 15 . . . 15 . 15 49 . Failed 43 | . 8 . . . 14 . 7 14 . Catastrophic 2 | . . . . . 1 . . 1 . Database Lockouts 2 | . 1 . . . . . . 1 . Manual 69 | . 15 . 1 . 11 . 14 28 . Terminals 97 | . 22 . . . 20 . 15 40 . Fabricators 9 | . . . . . . . . 9 . Repair Stations 9 | . . . . . 3 . 4 2 . Recycling Units 5 | . 2 . . . . . . 3 . Scanalyzers 14 | . . . . . 4 . 3 7 . Garrison Access 5 | . . . . . 2 . . 3 . Terminal Hacks 37 | . 8 . . . 4 . 4 21 . Part Schematic 7 | . 4 . . . . . 1 2 . Robot Schematic 2 | . . . . . . . . 2 . Robot Analysis 10 | . 1 . . . 3 . 1 5 . Level Access Points 1 | . . . . . . . . 1 . Terminal Index 1 | . . . . . . . . 1 . Fabricator Index 1 | . . . . . . . . 1 . Repair Station Index 1 | . . . . . . . . 1 . Scanalyzer Index 1 | . . . . . . . 1 . . Garrison Index 1 | . . . . . . . . 1 . Disarm Traps 1 | . . . . . . . . 1 . Recall Investigation 4 | . 2 . . . . . . 2 . Recall Extermination 1 | . . . . . . . . 1 . Recall Reinforcements 2 | . . . . . 1 . . 1 . Hauler Manifests 2 | . . . . . . . 1 1 . Registered Components 1 | . 1 . . . . . . . . Zone Layout 1 | . . . . . . . . 1 . Fabricator Hacks 7 | . . . . . . . . 7 . Load Schematic 3 | . . . . . . . . 3 . Build 4 | . . . . . . . . 4 . Repair Station Hacks 8 | . . . . . 2 . 4 2 . Scan Component 4 | . . . . . 1 . 2 1 . Repair 4 | . . . . . 1 . 2 1 . Recycling Unit Hacks 4 | . 1 . . . . . . 3 . Report Inventory 3 | . 1 . . . . . . 2 . Retrieve Components 1 | . . . . . . . . 1 . Scanalyzer 10 | . . . . . 2 . 2 6 . Insert Component 5 | . . . . . 1 . 1 3 . Analyze 5 | . . . . . 1 . 1 3 . Garrison Access Hacks 4 | . . . . . 1 . . 3 . Unlock Access 2 | . . . . . 1 . . 1 . Seal Access 1 | . . . . . . . . 1 . Coupler Status 1 | . . . . . . . . 1 . Unauthorized Hacks 24 | . 6 . . . 6 . 5 7 . Terminals 22 | . 5 . . . 6 . 5 6 . Track 3 | . . . . . 1 . . 2 . Assimilate 3 | . 1 . . . 1 . 1 . . Botnet 11 | . 2 . . . 3 . 3 3 . Disrupt 1 | . . . . . . . . 1 . Operators 3 | . 1 . . . 1 . 1 . . Sabotage 1 | . 1 . . . . . . . . Fabricators 1 | . . . . . . . . 1 . Report 1 | . . . . . . . . 1 . Repair Stations . | . . . . . . . . . . Recycling Units 1 | . 1 . . . . . . . . Tunnel 1 | . 1 . . . . . . . . Scanalyzers . | . . . . . . . . . . Garrison Access . | . . . . . . . . . . Data Cores Recovered 1 | . . . . . . . 1 . . Used 1 | . . . . . . . 1 . . Hacking Detections 34 | . 6 . . . 8 . 4 16 . Full Trace Events 7 | . 2 . . . 2 . . 3 . Feedback Events 2 | . . . . . 1 . . 1 . Corruption 1 | . . . . . 1 . . . . Hackware Fried 1 | . . . . . . . . 1 . Feedback Blocked . | . . . . . . . . . . Robot Schematics Acquired 2 | . . . . . . . . 2 . Robots Built . | . . . . . . . . . . Matter . | . . . . . . . . . . Time . | . . . . . . . . . . Total Robot Build Rating . | . . . . . . . . . . Part Schematics Acquired 12 | . 4 . . . 1 . 2 5 . Parts Built 3 | . . . . . . . . 3 . Matter 438 | . . . . . . . . 438 . Time 108 | . . . . . . . . 108 . Total Part Build Rating 9 | . . . . . . . . 9 . Parts Repaired 4 | . . . . . 1 . 2 1 . Time 103 | . . . . . 13 . 64 26 . Parts Recycled . | . . . . . . . . . . Recycled Matter . | . . . . . . . . . . Retrieved Matter . | . . . . . . . . . . Retrieved Components 2 | . . . . . . . . 2 . Parts Scanalyzed 5 | . . . . . 1 . 1 3 . Part Schematics Acquired 5 | . . . . . 1 . 1 3 . Parts Damaged . | . . . . . . . . . . Bothacking | -11 -10 -10 -10 -9 -8 -8 -8 -7 -7 ------------ Run | Scr Mat Min Exi Min Mat Gar Mat Fac Gar Used RIF Installer 2 | . . . . . . 1 . . 1 Watcher Feeds 1 | . . . . . . . . . 1 Robots Hacked 2 | . . . . . . . 1 1 . Non-combat 2 | . . . . . . . 1 1 . Combat . | . . . . . . . . . . Robot Hacks Applied 3 | . . . . . . . 1 2 . find_chute 2 | . . . . . . . . 2 . find_recycling 1 | . . . . . . . 1 . . Relay Couplers Released . | . . . . . . . . . . Robots Rewired . | . . . . . . . . . . Allies Hacked . | . . . . . . . . . . Hacks Repelled . | . . . . . . . . . . Allies | -11 -10 -10 -10 -9 -8 -8 -8 -7 -7 -------- Run | Scr Mat Min Exi Min Mat Gar Mat Fac Gar Total Allies 5 | . 1 . . 3 1 . . . . Largest Group 3 | . 1 . . 3 3 . . . . Highest-Rated Group 40 | . 10 . . 40 40 . . . . Highest-Rated Ally 26 | . 10 . . 16 26 . . . . Total Orders 3 | . . . . . 3 . . . . STAY 3 | . . . . . 3 . . . . Ally Attacks 18 | . . . . 2 16 . . . . Total Damage 217 | . . . . 28 189 . . . . Kills 5 | . . . . 2 3 . . . . Allies Corrupted 1 | . . . . . 1 . . . . Allies Melted . | . . . . . . . . . . Intel | -11 -10 -10 -10 -9 -8 -8 -8 -7 -7 ------- Run | Scr Mat Min Exi Min Mat Gar Mat Fac Gar Robot Analysis Total 10 | . 1 . . . 3 . 1 5 . Derelict Logs Recovered 2 | . . . . 2 . . . . . Drone Launches . | . . . . . . . . . . Drone Recoveries . | . . . . . . . . . . Exploration | -11 -10 -10 -10 -9 -8 -8 -8 -7 -7 ------------- Run | Scr Mat Min Exi Min Mat Gar Mat Fac Gar Turns Passed 5819 | 485 372 73 259 163 1125 583 712 1899 148 Spaces Moved 5519 | 133 357 162 317 262 1185 275 480 2292 56 Core 424 | 133 173 . . . 7 108 . 2 1 Treads . | . . . . . . . . . . Legs . | . . . . . . . . . . Wheels . | . . . . . . . . . . Hover . | . . . . . . . . . . Flight 5095 | . 184 162 317 262 1178 167 480 2290 55 Fastest Speed 37 | 50 40 37 37 37 37 40 37 37 37 Average Speed 41 | 50 50 38 37 37 38 86 39 37 37 Slowest Speed 450 | 50 100 40 37 37 117 450 200 200 50 Overloaded Moves . | . . . . . . . . . . Propulsion Burnouts . | . . . . . . . . . . Robots Hopped 31 | . 1 5 . 1 6 . 1 17 . Cave-ins Triggered 1 | . . . . . . . 1 . . Exploration Rate (%) 41 | 4 51 43 66 56 62 44 36 44 12 Regions Visited 9 Branch Regions 3 Pre-discovered Areas 1 | . 1 . . . . . . . . Known Exits Taken 2 | . . . . . 1 . . 1 . Unknown Exits Taken 6 | 1 1 1 1 1 . . 1 . . Scrap Searched 2 | . . 1 . 1 . . . . . Spaces Dug 34 | . . . . . 20 . 7 5 2 Terrain Destroyed 208 | . 5 22 . 8 127 2 22 20 2 Melee 34 | . . . . . 20 . 7 5 2 Projectile 13 | . . . . . . 2 1 10 . AOE 161 | . 5 22 . 8 107 . 14 5 . Terrain Rammed . | . . . . . . . . . . Walls Destroyed . | . . . . . . . . . . Machines Disabled . | . . . . . . . . . . Actions | -11 -10 -10 -10 -9 -8 -8 -8 -7 -7 --------- Run | Scr Mat Min Exi Min Mat Gar Mat Fac Gar Total 8628 | 505 480 163 458 327 1775 567 983 3217 153 Wait 2591 | 322 48 1 132 55 497 216 463 796 61 Move 5454 | 132 354 151 316 259 1174 274 477 2261 56 Hop 27 | . 1 5 . 1 5 . 1 14 . Pick Up 34 | 3 5 . 1 3 7 1 3 11 . Fast Attach 55 | 2 5 1 4 . 4 12 8 18 1 Attach 33 | 1 4 2 . . 5 7 6 8 . Detach 19 | . 1 1 1 . 1 5 5 5 . Swap 13 | . . . . 3 5 1 1 3 . Drop 50 | . 4 . 4 5 7 5 6 19 . Fire 204 | 45 58 2 . 1 18 26 2 52 . Melee 112 | . . . . . 51 18 11 15 17 Ram 3 | . . . . . 1 2 . . . Kick . | . . . . . . . . . . Crush . | . . . . . . . . . . Escape Stasis 33 | . . . . . . . . 15 18 Rewire . | . . . . . . . . . . Trap . | . . . . . . . . . . Miscellaneous . | . . . . . . . . . . Route ------- -11/Scrapyard -10/Materials (discovered 2 exits: [*Min x2]) -10/Mines -10/Exiles -9/Mines -8/Materials (discovered 3 exits: *Fac x2 / Gar) -8/Garrison -8/Materials -7/Factory (discovered 6 exits: *Fac x4 / [*Low] / Gar) -7/Garrison History --------- Turn | Location | Event 4 | -11/Scrapyard | Discovered new exit (range 15) 486 | -11/Scrapyard | Entered Materials 487 | -10/Materials | Build established: Mutant 494 | -10/Materials | Discovered new exit (range 14) 648 | -10/Materials | Discovered new exit (range 13) 660 | -10/Materials | Central database locked down 738 | -10/Materials | Core integrity fell below 50% 823 | -10/Materials | Core integrity fell below 20% 858 | -10/Materials | Entered Mines 929 | -10/Mines | Deemed a non-threat by the Exiles lab entrance 929 | -10/Mines | Discovered new exit (range 5) 931 | -10/Mines | Entered Exiles 940 | -10/Exiles | Met 8R-AWN 947 | -10/Exiles | Met EX-HEX 960 | -10/Exiles | Met EX-BIN 964 | -10/Exiles | Aligned with FarCom system 965 | -10/Exiles | Given EX-Vault access code 975 | -10/Exiles | Opened EX-Vault 977 | -10/Exiles | Found Prototype Energy Cannon 977 | -10/Exiles | Identified YOLO Cannon 980 | -10/Exiles | Found Prototype Ballistic Gun 980 | -10/Exiles | Identified AWS/Gauss 1022 | -10/Exiles | Exiles lab attacked by MAIN.C 1169 | -10/Exiles | Discovered new exit (range 14) 1189 | -10/Exiles | Build established: Scavenger-Mutant 1190 | -10/Exiles | Left Exiles lab with AWS/Gauss 1190 | -10/Exiles | Entered Mines 1202 | -9/Mines | Assisted by bots powering up and referring to "LRC-V3" 1222 | -9/Mines | Learned 2 Materials zone layouts 1239 | -9/Mines | Learned Materials interactive machine intel 1241 | -9/Mines | A weapon hastily lodged in a ceiling crevice suddenly fell to the ground 1324 | -9/Mines | Discovered new exit (range 5) 1331 | -9/Mines | Received a Rocket Launcher from a helpful Derelict 1353 | -9/Mines | Entered Materials 1353 | -8/Materials | Accompanied by 3 allies 1353 | -8/Materials | Evolved 4 slots: Utility x4 1355 | -8/Materials | Loaded intel: 19 interactive machine locations 1706 | -8/Materials | Build established: Scavenger-Scout 2072 | -8/Materials | Discovered new exit (range 4) 2289 | -8/Materials | Build established: Mutant 2392 | -8/Materials | Discovered new exit (range 10) 2431 | -8/Materials | Repaired Flight Unit 2478 | -8/Materials | Identified exit to Garrison 2478 | -8/Materials | Entered Garrison 2481 | -8/Garrison | Installed Relay Interface Framework 2758 | -8/Garrison | Triggered checkpoint 2797 | -8/Garrison | Core integrity fell below 50% 2829 | -8/Garrison | Lost 3 parts (1u2w) 2883 | -8/Garrison | Core integrity fell below 20% 2927 | -8/Garrison | Lost 7 parts (1p4u2w) 3026 | -8/Garrison | Discovered new exit (range 14) 3061 | -8/Garrison | Entered Materials 3500 | -8/Materials | Discovered new exit (range 3) 3679 | -8/Materials | Crushed by falling debris 3693 | -8/Materials | Build established: Hacker-Mutant 3709 | -8/Materials | Repaired Flight Unit 3748 | -8/Materials | Repaired Scythe 3773 | -8/Materials | Entered Factory 3773 | -7/Factory | Evolved 2 slots: Utility x2 4063 | -7/Factory | Fabricated Hacking Suite (x1) 4102 | -7/Factory | Fabricated Hacking Suite (x1) 4218 | -7/Factory | Central database locked down 4322 | -7/Factory | Repaired Flight Unit 4368 | -7/Factory | Garrison activated, responded to threat 4378 | -7/Factory | Discovered new exit (range 21) 4801 | -7/Factory | Discovered new exit (range 7) 4990 | -7/Factory | Destroyed 7 combat bots 5343 | -7/Factory | Identified exit to Factory 5380 | -7/Factory | Hacking Suite fried by hacking feedback 5416 | -7/Factory | Fabricated Adv. Targeting Computer (x1) 5606 | -7/Factory | Local fabrication network quarantined 5672 | -7/Factory | Identified exit to Garrison 5672 | -7/Factory | Entered Garrison 5674 | -7/Garrison | Expanded RIF knowledge: Patrol Navigation 5800 | -7/Garrison | Core integrity fell below 50% 5814 | -7/Garrison | Core integrity fell below 20% 5820 | -7/Garrison | Destroyed by Y-54 Guardian with Gatling Laser Last Messages --------------- 05739_ Field strength at 25. 05740_ Field strength at 20. 05741_ Field strength at 15. 05742_ Field strength at 10. 05743_ Field strength at 5. 05744_ Stasis field depleted. 05780_ Penetrated by Slug. 05783_ Slug penetrates Wall. 05783_ VTOL Module destroyed. 05786_ Penetrated by Slug. 05795_ Xenon Bombardment Thruster destroyed. 05798_ Sml. Storage Unit destroyed. 05799_ H-55 Commando Gauss Rifle severed. 05801_ Hacking Suite destroyed. 05802_ Destroyed Lgt. Nuclear Core. 05805_ Hacking Suite destroyed. 05809_ Melee Analysis Suite destroyed. 05811_ Hacking Suite destroyed. 05816_ Great Axe destroyed. 05819_ Acquired VTOL Module. Map ----- +----------------------------------------------------+ | ?????????????????????????????????????????????????? | | ?????????????????????????????????????????????????? | | ?????????????????????????????????????????????????? | | ?????????????????????????????????????????????????? | | ?????????????????????????????????????????????????? | | ?????????????????????????????????????????????????? | | ?????????????????????????????????????????????????? | | ?????????????????????????????????????????????????? | | ?????????????????????????????????????????????????? | | ?????????????????????????????????????????????????? | | ?????????????????????????????????????????????????? | | ?????????????????????????????????????????????????? | | ?????????????????????????????????????????????????? | | ?????????????????????????????????????????????????? | | ?????????????????????????????????????????????????? | | ?????????????????????????????????????????????????? | | ?????????????????????????????###########?????????? | | ?????????????????????????????#""""# #?????????? | | ????????????????????????###??#" #?????????? | | ???????????????????????? #??#""""# #?????????? | | ????????????????????????# #??######## #?????????? | | ????????????????????????# #?????????# #?????????? | | ????????????????????????# #?????????# #?????????? | | ?????????????????????####[#?????????# #?????????? | | ?????????????????????#;##h########### #?????????? | | ?????????????????????# g=@ ########??? | | ?????????????????????#^##Y########### #??? | | ?????????????????????# # #?????????# #??? | | ?????????????????????#g## #????????#"####### #??? | | ?????????????????????# ## #????????##??????? #??? | | ?????????????????????# # ?????????????????? #??? | | ?????????????????????" ####?????????????????? #??? | | ?????????????????????" #??????????????????????#??? | | ?????????????????????" #?????????????????????????? | | ?????????????????????? ??????????????????????????? | | ?????????????????????? ??????????????????????????? | | ?????????????????????? ??????????????????????????? | | ?????????????????????? ??????????????????????????? | | ?????????????????????? ??????????????????????????? | | ?????????????????????? ??????????????????????????? | | ??????????????????????#??????????????????????????? | | ?????????????????????????????????????????????????? | | ?????????????????????????????????????????????????? | | ?????????????????????????????????????????????????? | | ?????????????????????????????????????????????????? | | ?????????????????????????????????????????????????? | | ?????????????????????????????????????????????????? | | ?????????????????????????????????????????????????? | | ?????????????????????????????????????????????????? | | ?????????????????????????????????????????????????? | +----------------------------------------------------+ Best States ------------- Heat Dissipation 51 Energy Generation 14 Energy Capacity 565 Matter Stores 300 Matter Capacity 300 Sight Range 22 Terrain Scan Range 16 Terrain Scan Density 60 Additional Mass Support 9 Evasion (%) 68 Targeting Accuracy 26 Melee Accuracy 5 Target Analysis 5 Core Analysis 6 Force Boost 3 Offensive Hacking 50 Defensive Hacking 10 Item Schematics ----------------- Flight Unit | -10/Materials | Hacked Sml. Storage Unit | -10/Materials | Hacked Lgt. Ion Engine | -10/Materials | Hacked Lgt. Cannon | -10/Materials | Hacked Adv. Targeting Computer | -8/Materials | Scanalyzed Hacking Suite | -8/Materials | Scanalyzed Adv. Weight Redist. System | -8/Materials | Hacked Core Analyzer | -7/Factory | Scanalyzed Imp. Transmission Jammer | -7/Factory | Hacked Prc. Assault Rifle | -7/Factory | Scanalyzed Adv. Assault Cannon | -7/Factory | Scanalyzed Mic. Nuclear Core | -7/Factory | Hacked Robot Schematics ------------------ S-27 Virus | -7/Factory | Hacked L-41 Fighter | -7/Factory | Hacked Fabricated ------------ Hacking Suite | x1 | -7/Factory Hacking Suite | x1 | -7/Factory Adv. Targeting Computer | x1 | -7/Factory Alien Tech Used ----------------- None Achievements -------------- None Challenges ------------ None Game ------ Seed SkeletonIntegratedAutocannon Manual? 0 Play Time 01:36:19 Cumulative 135.1 hours Start 2021.03.15 @ 19:53:11 End 2021.03.15 @ 21:33:29 Sessions 1 Manual Loads 0 Difficulty Rogue Special Mode None Game No. 194 Rogue 170 Adventurer 22 Explorer 2 Win Type - Total 1 Types 1/0/0/0/0/0/0/0/0 Lore% 52 Gallery% 57 Achievement% 45 Wizard Run 0 Options --------- ASCII 0 Keyboard 0 Movement Numpad Keybinds 0 Fullscreen 1 Font 14/SmallcapsGlow Map View 84x54 Tactical HUD 1 Map Filters NONE Filters NONE Steam 1 RUN: eb4ecb04-16d2-4b85-8dbd-1571c470e7b8